 Dungeon Crawl Stone Soup version 0.19.1-1-g22dce08 (webtiles) character file.

5956 Alarkh the Black Sun (level 10, -10/78 HPs)
             Began as a Mummy Necromancer on Jan 10, 2017.
             Was a High Priest of Kikubaaqudgha.
             Killed from afar by a gargoyle (23 damage)
             ... with a stone arrow
             ... on level 10 of the Dungeon.
             The game lasted 00:18:38 (10180 turns).

Alarkh the Black Sun (Mummy Necromancer)           Turns: 10180, Time: 00:18:39

Health: -10/78     AC:  6    Str: 11    XL:     10   Next: 54%
Magic:  4/23       EV: 14    Int: 15    God:    Kikubaaqudgha [*****.]
Gold:   204        SH:  0    Dex: 18    Spells: 6 memorised, 6 levels left

rFire  . . .     SeeInvis .     a - +6 trident of Etuod {freeze, Int-2 Dex+4 Stlth+}
rCold  + . .     Gourm    .     j - +0 robe
rNeg   + + +     Faith    .     (no shield)
rPois  ∞         Spirit   .     q - +0 helmet
rElec  .         Reflect  .     t - +2 cloak
rCorr  .         Harm     .     (no gloves)
MR     +....                    (no boots)
Stlth  +++.......               v - amulet of Vitality {Regen+ HP+15}
                                z - ring of protection from fire
                                k - +2 ring of evasion

@: no status effects
A: no food or potions, fire vulnerability, cold resistance 1, negative energy
resistance 3, torment resistance, unbreathing
a: Receive Corpses, Torment, Renounce Religion


You were on level 10 of the Dungeon.
You worshipped Kikubaaqudgha.
Kikubaaqudgha was extremely pleased with you.
You were not hungry.

You visited 1 branch of the dungeon, and saw 10 of its levels.

You collected 648 gold pieces.
You spent 444 gold pieces at shops.

Inventory:

Hand Weapons
 a - the +6 trident of Etuod (weapon) {freeze, Int-2 Dex+4 Stlth+}
   (You found it on level 5 of the Dungeon)

   It has been specially enchanted to freeze those struck by it, causing extra
   injury to most foes and up to half again as much damage against particularly
   susceptible opponents.
   It can also slow down cold-blooded creatures.
   It affects your intelligence (-2).
   It affects your dexterity (+4).
   It makes you more stealthy.
 C - a +0 quarterstaff
Missiles
 i - 4 throwing nets (quivered)
Armour
 j - a +0 robe (worn)
 q - a +0 helmet (worn)
 t - a +2 cloak (worn)
Jewellery
 c - an uncursed ring of ice
 f - an uncursed ring of flight
 k - a +2 ring of evasion (left hand)
 v - the amulet of Vitality (around neck) {Regen+ HP+15}
   (You bought it in a shop on level 5 of the Dungeon)

   [amulet of regeneration]

   It affects your health (+15).
   It increases your rate of regeneration.
 z - a ring of protection from fire (right hand)
Wands
 g - a wand of acid (7/15)
 s - a wand of flame (26/48)
Scrolls
 d - 2 scrolls of teleportation
 e - a scroll of identify
 l - 2 scrolls of enchant weapon {unknown}
 m - 2 scrolls of blinking {unknown}
 n - 2 scrolls of magic mapping {unknown}
 o - a scroll of random uselessness {unknown}
 r - a scroll of immolation
 w - a scroll of fear {unknown}
 x - 5 scrolls of remove curse
 y - 2 scrolls of recharging
 A - a scroll of enchant armour
Books
 b - a book of Necromancy

   Spells                             Type                      Level
   a - Pain                           Necromancy                   1
   b - Animate Skeleton               Necromancy                   1
   c - Vampiric Draining              Necromancy                   3
   d - Regeneration                   Charms/Necromancy            3
   e - Animate Dead                   Necromancy                   4
   f - Control Undead                 Necromancy                   4
 h - Kikubaaqudgha's Incunabulum of Darkness
   (Kikubaaqudgha gifted it to you on level 7 of the Dungeon)

   Spells                             Type                      Level
   a - Animate Dead                   Necromancy                   4
   b - Excruciating Wounds            Charms/Necromancy            5
   c - Bolt of Draining               Conjuration/Necromancy       5
   d - Cigotuvi's Embrace             Necromancy                   5
   e - Dispel Undead                  Necromancy                   5
 p - Kikubaaqudgha's Catalogue of Dark Magic
   (Kikubaaqudgha gifted it to you on level 3 of the Dungeon)

   Spells                             Type                      Level
   a - Animate Skeleton               Necromancy                   1
   b - Pain                           Necromancy                   1
   c - Corpse Rot                     Necromancy                   2
   d - Vampiric Draining              Necromancy                   3
   e - Control Undead                 Necromancy                   4
 u - a book of Changes

   Spells                             Type                      Level
   a - Beastly Appendage              Transmutation                1
   b - Sticks to Snakes               Transmutation                2
   c - Spider Form                    Transmutation/Poison         3
   d - Ice Form                       Ice/Transmutation            4
   e - Blade Hands                    Transmutation                5
 B - a book of Enchantments

   Spells                             Type                      Level
   a - Cause Fear                     Hexes                        4
   b - Yara's Violent Unravelling     Hexes/Transmutation          5
   c - Silence                        Hexes/Air                    5
   d - Deflect Missiles               Charms/Air                   6
   e - Discord                        Hexes                        8


   Skills:
 - Level 1.5 Dodging
 - Level 1.5 Stealth
 + Level 9.9 Spellcasting
 + Level 5.1 Conjurations
 + Level 10.8 Necromancy


You had 6 spell levels left.
You knew the following spells:

 Your Spells              Type           Power        Failure   Level  Hunger
a - Bolt of Draining      Conj/Necr      ####......   12%         5    N/A
b - Pain                  Necr           ####         1%          1    N/A
c - Control Undead        Necr           #####.....   1%          4    N/A
d - Animate Dead          Necr           N/A          1%          4    N/A
e - Vampiric Draining     Necr           #####.....   1%          3    N/A
r - Dispel Undead         Necr           #####...     3%          5    N/A

Dungeon Overview and Level Annotations

Branches:
Dungeon (10/15)            Temple (0/1) D:5            Lair (0/6) D:8
    Orc: D:9-12

Altars:
Cheibriados
Dithmenos
Elyvilon
Kikubaaqudgha
Makhleb
Nemelex Xobeh
Trog
Yredelemnul
Zin
The Shining One

Shops:
D:5 =

Annotations:
D:7 exclusion: slave, Joseph
D:10 Sonja


Innate Abilities, Weirdness & Mutations

You do not eat or drink.
Your flesh is vulnerable to fire.
You are immune to poison.
Your flesh is cold resistant. (rC+)
You are immune to negative energy. (rN+++)
You are immune to unholy pain and torment.
You can survive without breathing.


Message History

The stone arrow hits you!
You swap places.
Your killer bee zombie hits the gargoyle but does no damage. x2
The gargoyle hurls a stone arrow at you.
The stone arrow hits you!
There is an open door here.
Your killer bee zombie barely misses the gargoyle.
Your killer bee zombie hits the gargoyle but does no damage.
Your killer bee zombie hits the gargoyle but does no damage. x2
The gargoyle hurls a stone arrow at you.
The stone arrow hits you!
* * * LOW HITPOINT WARNING * * *
Your killer bee zombie hits the gargoyle but does no damage.
Okay, then.
Your killer bee zombie hits the gargoyle but does no damage.
Your killer bee zombie barely misses the gargoyle.
The gargoyle hurls a stone arrow at you.
The stone arrow hits you!
You die...
Kikubaaqudgha rasps: "You have failed me!
Welcome... oblivion!"

#.# #.# #.# #># #
#.# ....####.#
.........#
....####.########
# ##@.........
#.....######
##...## ##.## #9#
#Z# ##'## ##...##
##.....##


You could see a gargoyle and a friendly killer bee zombie.

Vanquished Creatures
  A two-headed ogre (D:9)
  A hornet (D:9)
  A hippogriff (D:9)
  A spriggan (D:9)
  A yak (D:8)
  A basilisk (D:8)
  Menkaure (D:7)
  A water moccasin (D:8)
  5 ice beasts
  2 orc warriors
  4 sky beasts
  A black bear (D:8)
  3 centaurs
  2 ogres
  A crocodile (D:8)
  3 big kobolds
  5 bullfrogs
  2 scorpions
  13 killer bees
  3 wights (D:8)
  8 howler monkeys
  2 crimson imps
  A centaur zombie (D:5)
  3 hounds
  A centaur skeleton (D:4)
  7 orc priests
  12 orc wizards
  2 bullfrog skeletons
  3 iguanas
  5 worker ants
  A killer bee zombie (D:8)
  2 hound zombies
  Robin (D:3)
  10 gnolls
  10 adders
  3 shadow imps
  4 oozes
  2 adder skeletons
  A worm (D:5)
  A dart slug (D:1)
  9 leopard geckos
  50 orcs
  5 giant cockroaches
  22 goblins
  10 hobgoblins
  15 jackals
  4 quokkas
  3 ball pythons
  5 bats
  5 frilled lizards
  18 kobolds
  A leopard gecko skeleton (D:5)
  8 rats
286 creatures vanquished.

Notes
Turn   | Place    | Note
-------+----------+-------------------------------------------
     0 | D:1      | Alarkh the Mummy Necromancer began the quest for the Orb.
     0 | D:1      | Reached XP level 1. HP: 13/13 MP: 3/3
   467 | D:1      | Reached XP level 2. HP: 17/19 MP: 3/5
  1044 | D:1      | Reached XP level 3. HP: 24/24 MP: 1/7
  1070 | D:1      | Learned a level 3 spell: Vampiric Draining
  1642 | D:2      | Reached XP level 4. HP: 30/30 MP: 3/8
  1716 | D:2      | Found an ancient bone altar of Kikubaaqudgha.
  1718 | D:2      | Found a basalt altar of Yredelemnul.
  1718 | D:2      | Found a snail-covered altar of Cheibriados.
  1724 | D:2      | Became a worshipper of Kikubaaqudgha
  2118 | D:3      | Reached skill level 5 in Necromancy
  2444 | D:3      | Reached XP level 5. HP: 35/35 MP: 6/10
  3037 | D:3      | Reached XP level 6. HP: 31/41 MP: 3/12
  3242 | D:3      | Reached * piety under Kikubaaqudgha
  3242 | D:3      | Identified Kikubaaqudgha's Catalogue of Dark Magic (Kikubaaqudgha gifted it to you on level 3 of the Dungeon)
  3242 | D:3      | Received a gift from Kikubaaqudgha
  3249 | D:3      | Learned a level 4 spell: Control Undead
  3267 | D:3      | Learned a level 4 spell: Animate Dead
  3597 | D:3      | Noticed Robin
  3602 | D:3      | Killed Robin
  3700 | D:3      | Reached skill level 6 in Necromancy
  3812 | D:4      | Found a white marble altar of Elyvilon.
  3911 | D:4      | Reached skill level 5 in Spellcasting
  4388 | D:4      | Reached XP level 7. HP: 45/46 MP: 5/14
  4488 | D:4      | Reached ** piety under Kikubaaqudgha
  4771 | D:5      | Entered Level 5 of the Dungeon
  5164 | D:5      | Found a staircase to the Ecumenical Temple.
  5212 | D:5      | Found Zuosm's Jewellery Emporium.
  5270 | D:5      | Got a slimy trident
  5271 | D:5      | Identified the +6 trident of Etuod {freeze, Int-2 Dex+4 Stlth+} (You found it on level 5 of the Dungeon)
  5506 | D:5      | Reached skill level 7 in Necromancy
  5583 | D:5      | Found a bloodstained altar of Trog.
  5997 | D:6      | Reached XP level 8. HP: 40/52 MP: 10/17
  6369 | D:6      | Found a faded altar of an unknown god.
  6369 | D:6      | Found a faded altar of an unknown god.
  6378 | D:6      | Found a faded altar of an unknown god.
  6380 | D:6      | Found a faded altar of an unknown god.
  6381 | D:6      | Found a shadowy altar of Dithmenos.
  6594 | D:7      | Reached *** piety under Kikubaaqudgha
  6594 | D:7      | Identified Kikubaaqudgha's Incunabulum of Darkness (Kikubaaqudgha gifted it to you on level 7 of the Dungeon)
  6594 | D:7      | Received a gift from Kikubaaqudgha
  6594 | D:7      | Reached skill level 8 in Necromancy
  6602 | D:7      | Learned a level 5 spell: Bolt of Draining
  6635 | D:7      | Noticed Menkaure
  6692 | D:7      | Killed Menkaure
  6705 | D:7      | Noticed Joseph
  7091 | D:7      | Reached skill level 9 in Necromancy
  7305 | D:8      | Found a bloodstained altar of Trog.
  7311 | D:8      | Found a staircase to the Lair.
  7324 | D:8      | Reached XP level 9. HP: 49/57 MP: 18/21
  7331 | D:8      | Learned a level 5 spell: Dispel Undead
  7392 | D:8      | Found a bloodstained altar of Trog.
  7414 | D:8      | Reached skill level 1 in Conjurations
  7882 | D:8      | Found a sparkling altar of Nemelex Xobeh.
  7996 | D:5      | Bought the amulet of Vitality {Regen+ HP+15} for 444 gold pieces
  8471 | D:8      | Reached skill level 10 in Necromancy
  8480 | D:8      | Reached **** piety under Kikubaaqudgha
  8611 | D:8      | Found a glowing golden altar of the Shining One.
  8918 | D:9      | Reached XP level 10. HP: 63/63 MP: 23/23
  9523 | D:9      | Found a burning altar of Makhleb.
  9664 | D:9      | Found a glowing silver altar of Zin.
  9666 | D:9      | Noticed an angel
  9667 | D:9      | Noticed an Executioner
  9866 | D:9      | Reached skill level 5 in Conjurations
  9910 | D:10     | Entered Level 10 of the Dungeon
  9911 | D:10     | Noticed Sonja
 10065 | D:10     | Reached ***** piety under Kikubaaqudgha
 10157 | D:10     | Noticed a gargoyle
 10180 | D:10     | Killed from afar by a gargoyle

Skill      XL: |  1  2  3  4  5  6  7  8  9 10 |
---------------+-------------------------------+-----
Spellcasting   | 3 4 5 6 8 9 |  9.9
Necromancy     | 5 6 7 9 10 | 10.8
Conjurations   | 3 5 |  5.1
Dodging        | |  1.5
Stealth        | |  1.5

Action                   |  1- 3 |  4- 6 |  7- 9 | 10-12 || total
-------------------------+-------+-------+-------+-------++-------
Melee: Short sword       |     4 |       |       |       ||     4
       Unarmed           |     3 |       |       |       ||     3
       Spear             |    40 |    52 |    49 |       ||   141
       Trident           |       |       |   331 |   142 ||   473
 Cast: Pain              |    75 |   194 |    42 |     6 ||   317
       Vampiric Draining |       |       |    33 |    29 ||    62
       Control Undead    |       |       |     2 |       ||     2
       Dispel Undead     |       |       |     1 |     1 ||     2
       Bolt of Draining  |       |       |       |     5 ||     5
       Animate Dead      |       |       |       |     1 ||     1
  Use: Scroll            |       |     2 |     8 |       ||    10
 Stab: Sleeping          |       |     1 |    21 |     2 ||    24
       Distracted        |       |       |       |     2 ||     2
Armor: Robe              |    15 |    21 |    64 |    63 ||   163
Dodge: Dodged            |    66 |    71 |   230 |   174 ||   541
